 Dungeon Crawl Stone Soup version bcrawl-1.19.2-6-g6a88ae04c9 (webtiles) character file.

Game seed: 9291968583374914825

606 Chiseanne the Vandal (level 7, -3/54 HPs)
             Began as a Mummy Archaeologist on Jan 11, 2020.
             Slain by a sky beast (6 damage)
             ... on level 3 of the Dungeon.
             The game lasted 00:06:41 (3856 turns).

Chiseanne the Vandal (Mummy Archaeologist)          Turns: 3856, Time: 00:06:41

Health: -3/54      AC:  8    Str: 14    XL:     7   Next: 19%
Magic:  7/7        EV: 11    Int: 14    God:
Gold:   146        SH:  0    Dex: 12    Spells: 6/6 levels left

rFire    x . .     SeeInvis .   a - +3 hand axe
rCold    + . .     Gourm    .   (no shield)
rNeg     + + +     Faith    .   j - +0 ring mail
rPois    ∞         Spirit   .   c - +1 hat
rElec    .         Reflect  .   (no cloak)
rCorr    .         Harm     .   (no gloves)
MR       .....     Clarity  +   d - +1 pair of boots
Stlth    +.........             (no amulet)
HPRegen  0.18/turn              (no ring)
MPRegen  0.10/turn              (no ring)

@: no status effects
A: no food or potions, fire vulnerability, clarity, cold resistance 1, negative
energy resistance 3, torment resistance, unbreathing
a: no special abilities


You were on level 3 of the Dungeon.
You were not hungry.

You visited 1 branch of the dungeon, and saw 4 of its levels.

You collected 146 gold pieces.

Inventory:

Hand Weapons
 a - a +3 hand axe (weapon)
 e - a +1 vampiric scythe
 s - a +2 dagger of electrocution
 w - the +3 sling "Punk" {acid, rCorr}

   It provides partial protection from all sources of acid and corrosion.
Missiles
 b - 402 stones
 f - 132 javelins
 g - 128 steel javelins (quivered)
 h - 635 sling bullets
 i - 26 curare-tipped needles
Armour
 c - a +1 hat (worn)
 d - a +1 pair of boots (worn)
 j - a +0 ring mail (worn)
Wands
 n - a wand of polymorph (4)
Scrolls
 m - 2 scrolls of identify
 o - a scroll of amnesia


   Skills:
 * Level 4.0 Fighting
   Level 0.7 Maces & Flails
 - Level 6.2(6.3) Slings
 + Level 1.2(4.1) Throwing
 * Level 1.9 Armour
 - Level 2.4 Dodging
 - Level 2.6 Stealth


You had 6 spell levels left.
You didn't know any spells.
Your spell library was empty.

Dungeon Overview and Level Annotations

Branches:
Dungeon (4/12)
 Temple: D:4-7

Altars:
Hepliaklqana
Lugonu
Makhleb
Qazlal
Ru
Yredelemnul
Zin


Innate Abilities, Weirdness & Mutations

You do not eat or drink.
Your flesh is vulnerable to fire.
You are immune to poison.
You possess an exceptional clarity of mind.
Your flesh is cold resistant. (rC+)
You are immune to negative energy. (rN+++)
You are immune to unholy pain and torment.
You can survive without breathing.


Message History

There is a stone staircase leading up here.
Something hits you.
* * * LOW HITPOINT WARNING * * *
Something shocks you.
* * * LOW HITPOINT WARNING * * *
You climb upwards.
Reactivating autopickup.
There is a stone staircase leading down here.
Okay, then.
Deactivating autopickup; reactivate with Ctrl-A.
You slash something! Something hits you but does no damage.
Something hits you but does no damage.
A sky beast appears from thin air!
Reactivating autopickup.
You hit the sky beast.
The sky beast is heavily wounded.
The sky beast hits you.
* * * LOW HITPOINT WARNING * * *
The sky beast shocks you.
You die...

########§§§§§§§§§§§#
#......#§§§§§§§§§§§#
#.######§§§§§8§§§§§# #.#
#§§§§###§§§§# #.#
#§§§§#_#§§§§# #.#
#§§§§#.#§§§§#
#.######§§§§#.#§§§§##
#.##..%#§§§§#.#§§§§#.
#.##@########.#######
##########.##Y#######...#
#......†.).##>§..[......#
#.##################..########
#.#######.....##......!.......
#.......#.###.##.....^........
#######.#.#<#.##..............
#.#.#÷#.##..............
#.#.#.#.##..............


You could see a sky beast.

Vanquished Creatures
  Sigmund (D:3)
  A centaur (D:4)
  A howler monkey (D:4)
  2 hounds (D:4)
  An iguana (D:3)
  Ijyb (D:3)
  3 worker ants
  3 adders (D:3)
  2 shadow imps
  2 worms (D:2)
  5 leopard geckos
  10 orcs
  5 bats
  5 giant cockroaches
  2 goblins
  6 hobgoblins
  3 jackals (D:3)
  4 ball pythons
  4 frilled lizards
  22 kobolds
  9 rats
92 creatures vanquished.

Notes
Turn   | Place    | Note
-------+----------+-------------------------------------------
     0 | D:1      | Chiseanne the Mummy Archaeologist began the quest for the
                  | Orb.
     0 | D:1      | Reached XP level 1. HP: 15/15 MP: 1/1
   286 | D:1      | Reached XP level 2. HP: 22/22 MP: 2/2
   732 | D:1      | Reached XP level 3. HP: 28/29 MP: 3/3
   994 | D:2      | Reached skill level 1 in Slings
  1003 | D:2      | Found a hazy altar of Hepliaklqana.
  1277 | D:2      | Found a corrupted altar of Lugonu.
  1362 | D:2      | HP: 1/29 [worm (6)]
  1668 | D:2      | Found a sacrificial altar of Ru.
  1707 | D:3      | Reached skill level 2 in Slings
  2197 | D:2      | Reached XP level 4. HP: 31/35 MP: 4/4
  2318 | D:2      | Found a faded altar of an unknown god.
  2318 | D:2      | Found a faded altar of an unknown god.
  2323 | D:2      | Found a glowing silver altar of Zin.
  2325 | D:2      | Found a burning altar of Makhleb.
  2326 | D:2      | Found a basalt altar of Yredelemnul.
  2329 | D:2      | Reached skill level 3 in Slings
  2695 | D:3      | Reached skill level 4 in Slings
  2834 | D:3      | Found a stormy altar of Qazlal.
  2853 | D:3      | Reached XP level 5. HP: 29/41 MP: 5/5
  3028 | D:3      | Noticed Ijyb
  3037 | D:3      | Killed Ijyb
  3296 | D:3      | Noticed Sigmund
  3313 | D:3      | HP: 1/41 [something (8)]
  3314 | D:3      | Killed Sigmund
  3314 | D:3      | Reached skill level 6 in Slings
  3314 | D:3      | Reached XP level 6. HP: 1/47 MP: 6/6
  3625 | D:3      | Found a faded altar of an unknown god.
  3773 | D:4      | Reached skill level 1 in Armour
  3814 | D:4      | Noticed a sky beast
  3829 | D:4      | Reached skill level 1 in Throwing
  3829 | D:4      | Reached XP level 7. HP: 49/53 MP: 7/7
  3856 | D:3      | Slain by a sky beast

Skill      XL: |  1  2  3  4  5  6  7 |
---------------+----------------------+-----
Fighting       | 2 3 4 |  4.0
Slings         | 2 4 6 |  6.2
Armour         | 1 |  1.9
Throwing       | 1 |  1.2
Maces & Flails | |  0.7
Dodging        | |  2.4
Stealth        | |  2.6

Action                   |  1- 3 |  4- 6 |  7- 9 || total
-------------------------+-------+-------+-------++-------
Melee: Whip              |    15 |       |       ||    15
       Short sword       |   245 |     2 |       ||   247
       Hand axe          |       |    81 |     9 ||    90
       Dagger            |       |    27 |     2 ||    29
 Fire: Hunting sling     |       |    29 |       ||    29
Throw: Javelin           |       |    11 |       ||    11
  Use: Scroll            |     4 |     3 |       ||     7
Armor: Robe              |     8 |       |       ||     8
       Ring mail         |   132 |    59 |    18 ||   209
Dodge: Dodged            |   201 |    61 |     7 ||   269
